 Dungeon Crawl Stone Soup version 0.28-a0-1567-g1695149f81 (webtiles) character file.

Game seed: 18289735700636115069

15803 hashsling the Fighter (level 12, -3/60 (82) HPs)
             Began as a Kobold Berserker on Jan 19, 2022.
             Was a Priest of Trog.
             Killed by divine providence
             ... invoked by a meliai
              (10 damage)
             ... on level 11 of the Dungeon.
             The game lasted 00:53:30 (14731 turns).

hashsling the Fighter (Kobold Berserker)           Turns: 14731, Time: 00:53:30

HP:   -3/60 (82)    AC: 17    Str: 18    XL:     12   Next: 62%
MP:   0/21          EV: 15    Int:  9    God:    Trog [***...]
Gold: 647           SH:  8    Dex: 18    Spells: 11/11 levels left

rFire   . . .      SeeInvis .   O - +5 short sword "Jimurad" {vorpal, *Noise Drain rElec rPois}
rCold   + + .      Faith    .   u - +2 buckler
rNeg    . . .      Spirit   +   U - +6 chain mail of Pride {*Slow rPois rC++}
rPois   +          Reflect  .   R - +2 hat {Will+}
rElec   +          Harm     .   (no cloak)
rCorr   .          Rampage  .   (no gloves)
Will    ++++.                   (no boots)
Stlth   ..........              Q - amulet of Azxitou {Spirit Regen+ MP+9 Str+3}
HPRegen 2.00/turn               C - ring of willpower
MPRegen 0.17/turn               (no ring)

@: brilliant, lethally poisoned (-3 -> -6), strong-willed, on berserk cooldown,
regenerating, slowed, very heavily drained, very slow
A: small, no large weapons, nightstalker 3
a: Renounce Religion, Berserk, Trog's Hand


You were on level 11 of the Dungeon.
You worshipped Trog.
Trog was most pleased with you.
You visited 1 branch of the dungeon, and saw 11 of its levels.
You also visited: Sewer and Bailey.

You collected 647 gold pieces.

Inventory:

Hand Weapons
 y - a +3 dagger
 K - a +4 scimitar
 O - the +5 short sword "Jimurad" (weapon) {vorpal, *Noise Drain rElec rPois}
   (You found it on level 9 of the Dungeon)

   It inflicts extra damage upon your enemies.
   rElec:     It insulates you from electricity.
   rPois:     It protects you from poison.
   *Noise:    It may make noises in combat.
   Drain:     It drains your maximum health when unequipped.
 X - a +0 vampiric scimitar
Missiles
 b - 18 boomerangs
 j - 23 bolts
 q - a curare-tipped dart (quivered)
 x - a throwing net
 z - 15 poisoned darts
 D - 5 boomerangs of dispersal
Armour
 s - the +0 ring mail of Elitism {*Slow rElec MP+9}
   (You found it on level 3 of the Dungeon)

   rElec:     It insulates you from electricity.
   MP:        It affects your magic capacity (+9).
   *Slow:     It may slow you when you take damage.
 u - a +2 buckler (worn)
 R - a +2 hat of willpower (worn)
 S - a +2 ring mail of fire resistance
 T - a +2 robe of willpower
 U - the +6 chain mail of Pride (worn) {*Slow rPois rC++}
   (You found it in a bailey)

   rC:        It greatly protects you from cold.
   rPois:     It protects you from poison.
   *Slow:     It may slow you when you take damage.
Jewellery
 a - an amulet of the acrobat
 C - a ring of willpower (left hand)
 Q - the amulet of Azxitou (around neck) {Spirit Regen+ MP+9 Str+3}
   (You took it off a vampire in a bailey)

   [amulet of guardian spirit]

   It causes incoming damage to be divided between your reserves of health and
   magic.
   Str:       It affects your strength (+3).
   MP:        It affects your magic capacity (+9).
   Regen:     It increases your rate of health regeneration.
Wands
 E - a wand of iceblast (29)
 H - a wand of flame (12)
 W - a wand of mindburst (5)
Scrolls
 f - 3 scrolls of fog {unknown}
 h - 14 scrolls of identify {unknown}
 i - 2 scrolls of noise {unknown}
 k - 2 scrolls of brand weapon {unknown}
 m - a scroll of enchant weapon {unknown}
 n - 4 scrolls of acquirement {unknown}
 o - 5 scrolls of teleportation {unknown}
 w - a scroll of blinking {unknown}
 A - 2 scrolls of vulnerability {unknown}
 B - a scroll of silence {unknown}
 G - 2 scrolls of immolation {unknown}
 I - a scroll of magic mapping {unknown}
 J - 2 scrolls of fear {unknown}
 N - a scroll of amnesia {unknown}
Potions
 c - 3 potions of cancellation {unknown}
 d - 3 potions of attraction {unknown}
 e - 3 potions of curing
 g - 3 potions of heal wounds
 l - 4 potions of flight {unknown}
 p - 3 potions of lignification {unknown}
 r - a potion of might {unknown}
 v - a potion of magic {unknown}
 F - 4 potions of brilliance
 L - a potion of resistance {unknown}
 P - a potion of experience {unknown}
 V - 4 potions of mutation {unknown}
Miscellaneous
 M - a lightning rod (2/4)


   Skills:
 * Level 12.7 Fighting
 - Level 11.8(12.8) Short Blades
 + Level 5.1(7.1) Long Blades
 * Level 5.2 Armour
 - Level 12.0 Dodging
 + Level 3.6 Shields


You had 11 spell levels left.
You didn't know any spells.
Your spell library was empty.

Dungeon Overview and Level Annotations

Branches:
Dungeon (11/15)            Temple (0/1) D:6            Lair (0/6) D:8
    Orc (0/2) D:10          Sewer (visited)          Bailey (visited)

Altars:
Fedhas
Gozag
Hepliaklqana
Trog
Zin
The Shining One

Shops:
D:5 *


Innate Abilities, Weirdness & Mutations

You are small and have problems with some larger weapons.
You are completely attuned to the shadows.


Message History

You feel drained.
* * * LOW HITPOINT WARNING * * *
You block the meliai's attack.
The yak gores you but does no damage. x2
The meliai closely misses you.
The meliai stings you but does no damage.
You barely miss the meliai.
Your short sword "Jimurad" cheers you on.
The meliai is moderately wounded.
You hear a shout!
The meliai misses you. You block the meliai's attack.
You block the yak's attack. x2; The meliai hits you but does no damage.
You feel drained.
The meliai stings you but does no damage.
You hit the meliai.
The meliai is heavily wounded.
The meliai misses you. You block the meliai's attack.
The yak barely misses you. The yak closely misses you.
You closely miss the meliai.
The meliai is heavily wounded.
The meliai calls down the wrath of its god upon you.
Something smites you!
* * * LOW HITPOINT WARNING * * *
You block the yak's attack. The meliai hits you but does no damage.
You feel drained. The meliai closely misses you. The yak barely misses you.
It was a potion of heal wounds.
You feel much better.
The meliai hits you with a +0 mace of draining.
* * * LOW HITPOINT WARNING * * *
You feel drained.
* * * LOW HITPOINT WARNING * * *
The meliai stings you.
* * * LOW HITPOINT WARNING * * *
You are poisoned.
The meliai poisons you!
The meliai hits you with a +0 mace of draining.
* * * LOW HITPOINT WARNING * * *
You feel drained. The meliai barely misses you. The yak misses you.
You block the yak's attack.
The meliai invokes the aid of its god against you.
Something smites you!
You die...

#O## #...# ##§# ###..## ##..#
......## ##..§# ........ #....#
........ #....# ........ #..Y.#
........ ###Yy# ....... #@Y#
....... #..# ......... ###..#
......... ########....##
......... #######..........<.##
......... ...............##...#
###...##
.........#######....######...###
.##......# #....#..##.......##
###.....## ...#####...........


You could see 3 yaks and a meliai.

Vanquished Creatures
  A boulder beetle (D:11)
  An ice dragon (D:11)
  A catoblepas (D:11)
  A centaur warrior (D:11)
  A hydra (D:11)
  A two-headed ogre (D:11)
  Pikel (D:4)
  An ugly thing (D:11)
  A cyclops (D:11)
  A gargoyle (Bailey)
  Psyche (D:8)
  A kobold demonologist (D:11)
  A komodo dragon (D:8)
  A troll (D:10)
  Sigmund (D:3)
  11 yaks
  3 wraiths (D:10)
  3 wyverns
  2 vampires (Bailey)
  Eustachio (D:4)
  A warg (shapeshifter) (D:10)
  Edmund (D:6)
  An acid dragon (D:11)
  6 water moccasins
  2 sky beasts (D:6)
  An ice beast (D:8)
  2 ogres
  A black bear (D:8)
  A necrophage (D:7)
  3 centaurs
  2 phantoms
  2 kobold brigands
  3 bullfrogs
  A wyvern zombie (D:8)
  2 scorpions
  A water moccasin zombie (D:6)
  3 water moccasin skeletons
  7 killer bees
  7 vampire bats (Bailey)
  A howler monkey (D:5)
  7 wights
  7 wolf zombies (Bailey)
  6 electric eels (D:5)
  7 centaur zombies
  3 hounds
  Crazy Yiuf (D:5)
  3 orc priests
  A bullfrog skeleton (D:6)
  2 centaur skeletons
  10 orc wizards
  5 iguanas
  A killer bee zombie (D:8)
  A hound zombie (D:5)
  A hound skeleton (D:4)
  A howler monkey zombie (D:10)
  Robin (D:3)
  A howler monkey skeleton (D:6)
  5 adders
  A white imp (D:5)
  5 worms
  5 dart slugs
  27 orcs
  9 bats
  9 endoplasms
  3 giant cockroaches
  24 goblins
  7 hobgoblins
  6 jackals
  5 quokkas
  10 ball pythons
  4 frilled lizards
  12 kobolds
  19 orc zombies (Bailey)
  11 rats
303 creatures vanquished.

Vanquished Creatures (others)
  3 fungi
  34 plants
37 creatures vanquished.

Grand Total: 340 creatures vanquished

Notes
Turn   | Place    | Note
-------+----------+-------------------------------------------
     0 | D:1      | hashsling the Kobold Berserker began the quest for the Orb.
     0 | D:1      | Reached XP level 1. HP: 14/14 MP: 1/1
   479 | D:1      | Reached XP level 2. HP: 16/19 MP: 2/2
   631 | D:1      | Found a faded altar of an unknown god.
   771 | D:1      | Reached XP level 3. HP: 24/24 MP: 3/3
  1896 | D:2      | Reached ** piety under Trog
  1958 | D:2      | Reached XP level 4. HP: 29/29 MP: 4/4
  2866 | D:3      | Noticed Sigmund
  2884 | D:3      | Reached skill level 5 in Short Blades
  3006 | D:3      | Found a glowing drain.
  3014 | Sewer    | Entered a sewer
  3479 | Sewer    | Noticed a kobold brigand
  3494 | Sewer    | Killed a kobold brigand
  3495 | Sewer    | Reached XP level 5. HP: 34/34 MP: 5/5
  3968 | D:3      | Identified the +0 ring mail of Elitism {*Slow rElec MP+9}
  4101 | D:3      | Noticed Robin
  4112 | D:3      | Killed Robin
  4113 | D:3      | Reached XP level 6. HP: 39/39 MP: 6/6
  4687 | D:3      | Killed Sigmund
  4688 | D:3      | Reached skill level 5 in Fighting
  4688 | D:3      | Reached skill level 5 in Dodging
  4740 | D:3      | Reached XP level 7. HP: 39/44 MP: 7/7
  5097 | D:4      | Noticed Pikel
  5112 | D:4      | Killed Pikel
  5113 | D:4      | Reached XP level 8. HP: 52/52 MP: 8/8
  5309 | D:4      | Noticed Eustachio
  5350 | D:4      | Found an opulent altar of Gozag.
  5514 | D:4      | Found a hazy altar of Hepliaklqana.
  5843 | D:4      | Killed Eustachio
  6001 | D:5      | Entered Level 5 of the Dungeon
  6088 | D:5      | Found Aqeowkya's Serpentskin Sales.
  6094 | D:5      | Reached XP level 9. HP: 57/57 MP: 9/9
  6901 | D:5      | Reached skill level 10 in Short Blades
  7003 | D:5      | Reached *** piety under Trog
  7188 | D:5      | You fall into a shaft and drop 2 floors!
  7397 | D:7      | Reached XP level 10. HP: 65/65 MP: 10/10
  7398 | D:7      | Found a glowing silver altar of Zin.
  8002 | D:6      | Found a staircase to the Ecumenical Temple.
  8475 | D:6      | Reached skill level 10 in Dodging
  8696 | D:6      | Noticed Edmund
  8706 | D:6      | Reached skill level 1 in Long Blades
  8710 | D:6      | Killed Edmund
  9488 | D:5      | Found a blossoming altar of Fedhas.
  9516 | D:5      | Found a runed translucent door.
  9519 | D:5      | Noticed Crazy Yiuf
  9524 | D:5      | Killed Crazy Yiuf
 10007 | D:8      | Noticed Psyche
 10019 | D:8      | Killed Psyche
 10020 | D:8      | Reached skill level 10 in Fighting
 10831 | D:8      | Found a staircase to the Lair.
 11156 | D:8      | Noticed a komodo dragon
 11166 | D:8      | Killed a komodo dragon
 11167 | D:8      | Reached XP level 11. HP: 16/73 MP: 11/11
 12013 | D:9      | Identified the +5 short sword "Jimurad" {vorpal, *Noise
                  | Drain rElec rPois}
 12457 | D:10     | Entered Level 10 of the Dungeon
 12523 | D:10     | Found a flagged portal.
 12533 | Bailey   | Entered a bailey
 12968 | Bailey   | Identified the amulet of Azxitou {Spirit Regen+ MP+9 Str+3}
 12982 | Bailey   | Reached skill level 1 in Shields
 13007 | Bailey   | Identified the +6 chain mail of Pride {*Slow rPois rC++}
 13396 | D:10     | Found a glowing golden altar of the Shining One.
 13653 | D:10     | Found a staircase to the Orcish Mines.
 13722 | D:10     | Found a bloodstained altar of Trog.
 14284 | D:11     | Reached **** piety under Trog
 14288 | D:11     | Reached XP level 12. HP: 81/81 MP: 12/12
 14505 | D:11     | Noticed a six-headed hydra
 14518 | D:11     | Killed a six-headed hydra
 14566 | D:11     | Noticed a boulder beetle
 14588 | D:11     | Killed a boulder beetle
 14590 | D:11     | Noticed a centaur warrior
 14594 | D:11     | Noticed a catoblepas
 14608 | D:11     | Noticed an ice dragon
 14637 | D:11     | Killed a centaur warrior
 14653 | D:11     | Noticed a two-headed ogre
 14662 | D:11     | Killed an ice dragon
 14698 | D:11     | Killed a two-headed ogre
 14699 | D:11     | Reached skill level 5 in Long Blades
 14699 | D:11     | Reached skill level 5 in Armour
 14707 | D:11     | Killed a catoblepas
 14725 | D:11     | HP: 1/70 [meliai (6)]
 14730 | D:11     | HP: 3/63 [meliai/divine providence (13)]
 14731 | D:11     | Killed from afar by a meliai

Illustrated notes

Levels and vault maps discovered:
D:1:      dpeg_arrival_stone_temple_mockup, layout_loops_corners,
          shapermc_ecumenical_altar_petra, minivault_24
D:2:      layout_basic
D:3:      layout_basic, cheibrodos_sewer_entry_sluice, minmay_misc_feat_rows,
          uniq_sigmund, uniq_robin
D:4:      layout_basic, nicolae_hepliaklqana_hippocampus,
          nicolae_gozag_cash_rules_everything_around_me, uniq_eustachio,
          uniq_pikel
D:5:      cheibrodos_two_vegetables, layout_gridville, fedhas_ov_isle_minmay,
          guppyfry_shop_venom, uniq_crazy_yiuf_cottage
D:6:      layout_basic, minmay_temple_entry_junction_2, minmay_microvault,
          uniq_edmund
D:7:      layout_cave_pools, mainiacjoe_overflow_catwalk
D:8:      layout_loops_ring, david_lair_shrubbed, enter_ossuary_5, minivault_23,
          nicolae_straight_to_the_point, uniq_psyche
D:9:      layout_loops_cross
D:10:     layout_roguey, mainiacjoe_overflow_alcove_1, tso_altar, orc_0_dummy,
          enter_bailey_3, grunt_potential
D:11:     minmay_the_grid_triangle_9x9_rhombus_full_mashed
          [minmay_the_grid_triangle_9x9_fully_insulated_deathbox,
          minmay_the_grid_triangle_9x9_negative_grid,
          minmay_the_grid_triangle_9x9_dagger,
          minmay_the_grid_triangle_9x9_zippers_vertical,
          minmay_the_grid_triangle_9x9_zippers_horizontal,
          minmay_the_grid_triangle_9x9_impossible_snake,
          minmay_the_grid_triangle_9x9_minimal,
          minmay_the_grid_triangle_9x9_prize_center], layout_cave_pods,
          hangedman_abyss_or_decor_passed

Skill      XL: |  1  2  3  4  5  6  7  8  9 10 11 12 |
---------------+-------------------------------------+-----
Dodging        | 3 4 5 6 7 9 11 12 | 12.0
Fighting       | 4 5 6 7 8 10 11 12 | 12.7
Short Blades   | 5 6 8 9 10 11 | 11.8
Long Blades    | 2 4 5 |  5.1
Shields        | 2 3 |  3.6
Armour         | 3 5 |  5.2

Action                   |  1- 3 |  4- 6 |  7- 9 | 10-12 || total
-------------------------+-------+-------+-------+-------++-------
Melee: Short sword       |   120 |   125 |       |   463 ||   708
       Punch             |     2 |     1 |     2 |     7 ||    12
       Rapier            |       |    34 |       |       ||    34
       Dagger            |       |    17 |   323 |    66 ||   406
       Scimitar          |       |       |       |   181 ||   181
Invok: Berserk           |     1 |     5 |    15 |    18 ||    39
       Trog's Hand       |       |     2 |     4 |    11 ||    17
Evoke: Wand              |       |       |       |     5 ||     5
       Lightning rod     |       |       |       |     3 ||     3
  Use: Potion            |       |       |       |     5 ||     5
 Stab: Sleeping          |     9 |     7 |     5 |     3 ||    24
       Distracted        |       |       |       |     1 ||     1
       Petrified         |       |       |       |     2 ||     2
Armor: Leather armour    |    19 |    35 |       |       ||    54
       Animal skin       |       |     1 |    23 |       ||    24
       Ring mail         |       |       |    17 |    44 ||    61
       Chain mail        |       |       |       |   164 ||   164
Dodge: Dodged            |    59 |   118 |   159 |   436 ||   772
Block: Buckler           |       |       |       |   142 ||   142

Table legend: (Time is in decaauts)
 A = Elapsed time spent in this place.
 B = Non-inter-level travel time spent in this place.
 C = Inter-level travel time spent in this place.
 D = Time resting spent in this place.
 E = Time spent auto-exploring this place.
 F = Levels seen in this place.
 G = Mean time per level.
                   A        B        C        D        E       F      G
               +--------+--------+--------+--------+--------+-----+--------+
         Total |  14759 |  14325 |    434 |    699 |  10818 |  13 | 1135.3 |
       Dungeon |  13144 |  12710 |    434 |    654 |   9664 |  11 | 1194.9 |
         Sewer |    850 |    850 |      0 |      0 |    686 |   1 |  850.0 |
        Bailey |    764 |    764 |      0 |     45 |    467 |   1 |  764.0 |
               +--------+--------+--------+--------+--------+-----+--------+

Top non-repeatable levels by time:
     D:8: 2058 daAuts
     D:6: 1681 daAuts
     D:1: 1658 daAuts
     D:5: 1374 daAuts
     D:3: 1302 daAuts
     D:2: 1149 daAuts
     D:4: 1149 daAuts
   Sewer: 850 daAuts
    D:10: 804 daAuts
     D:9: 802 daAuts
  Bailey: 764 daAuts
     D:7: 597 daAuts
    D:11: 565 daAuts
